Map: Eternal Empire LE

Players

TheZergLord - Winner!

  • Race: Zerg Zerg
  • League: Grandmaster
  • Spawn Location: 1:00

Ryu

  • Race: Zerg Zerg
  • League: Master
  • Spawn Location: 7:00

Event: DreamHack SC2 Masters 2020 Fall

VOD

Have the link to the VOD?

Description

Time

  • Played on: Aug. 26, 2020, 4:34 p.m.
  • Length: 10:17

All games in this series

Show
View Real Time Build Order
Export as new Build Order

TheZergLord Zerg - Winner!

Build Orders: Hatch First 

Get SALT Encoding   

  12  0:01  Drone  
  13  0:12  Overlord  
  13  0:18  Drone  
  14  0:31  Drone x2  
  16  0:48  Hatchery  
  15  0:52  Drone  
  15  0:56  Drone  
  17  0:59  Drone  
  18  1:10  Extractor  
  17  1:14  Spawning Pool  
  17  1:17  Drone  
  17  1:20  Drone  
  18  1:29  Drone  
  19  1:38  Drone  
  20  1:49  Drone  
  21  2:00  Overlord  
  21  2:01  Queen x2, Zergling x2  
  26  2:09  Metabolic Boost  
  26  2:11  Drone  
  26  2:12  Drone  
  28  2:22  Drone x2  
  30  2:34  Hatchery  
  29  2:39  Drone x2  
  31  2:45  Queen  
  31  2:50  Overlord  
  33  2:58  Zergling x6  
  35  3:07  Baneling Nest  
  34  3:13  Zergling x4  
  34  3:14  Overlord  
  34  3:16  Drone x2  
  34  3:17  Drone  
  39  3:20  Drone  
  40  3:27  Drone x3  
  40  3:33  Drone  
  44  3:39  Drone  
  44  3:41  Evolution Chamber  
  44  3:42  Drone x3  
  47  3:50  Roach Warren  
  47  3:51  Baneling x2  
  47  3:55  Drone x3  
  48  3:59  Drone x2  
  50  4:03  Overlord  
  50  4:04  Drone  
  50  4:05  Drone  
  50  4:08  Drone  
  53  4:11  Zerg Missile Weapons Level 1  
  53  4:15  Drone  
  53  4:16  Drone x2  
  56  4:17  Drone  
  56  4:20  Drone  
  58  4:24  Extractor  
  58  4:25  Extractor  
  58  4:27  Drone x5  
  61  4:32  Lair  
  61  4:36  Drone  
  61  4:37  Drone x2  
  64  4:39  Overlord  
  64  4:40  Drone  
  64  4:42  Drone  
  65  4:53  Overlord x3  
  65  4:55  Overlord  
  65  4:56  Overlord x2  
  65  4:59  Drone x3  
  68  5:01  Drone  
  68  5:04  Extractor  
  68  5:05  Extractor  
  67  5:08  Drone  
  67  5:09  Drone  
  67  5:10  Drone x3  
  67  5:11  Drone  
  73  5:21  Hatchery  
  73  5:22  Roach x2  
  73  5:23  Roach  
  78  5:31  Overseer  
  78  5:32  Roach x2  
  78  5:33  Roach x3  
  78  5:34  Glial Reconstitution  
  88  5:40  Roach x3  
  94  5:46  Roach x2  
  94  5:47  Roach x2  
  94  5:48  Roach  
  104  5:56  Roach x3  
  104  5:57  Roach  
  116  6:04  Roach x5  
  121  6:13  Extractor  
  121  6:16  Overlord x2  
  121  6:17  Overlord x3  
  120  6:24  Ravager  
  121  6:28  Overlord  
  121  6:29  Overlord  
  121  6:34  Drone  
  121  6:36  Ravager  
  121  6:37  Evolution Chamber, Ravager x2  
  121  6:39  Roach x2  
  130  6:40  Roach  
  130  6:45  Roach x4  
  130  6:46  Queen  
  140  6:51  Roach  
  140  6:52  Roach x2  
  145  6:54  Zerg Missile Weapons Level 2  
  145  7:03  Roach x2  
  145  7:04  Roach x5  
  159  7:25  Roach x9  
  169  7:34  Overlord, Spire  
  169  7:35  Overlord  
  158  7:37  Drone  
  158  7:38  Drone x2  
  143  7:52  Roach x4  
  143  7:53  Roach x4  
  143  7:57  Roach x2  
  133  8:07  Roach x6  
  133  8:08  Roach x2  
  133  8:11  Zerg Ground Armor Level 1  
  145  8:21  Roach x4  
  145  8:22  Roach  
  155  8:30  Drone x2  
  155  8:31  Drone x3  
  155  8:33  Roach x2  
  164  8:46  Roach x3  
  164  8:47  Roach x7  
  172  9:05  Roach x10  
  188  9:17  Roach x2  
  188  9:19  Overlord x3  
  192  9:27  Overlord x2  
  188  9:44  Roach x5  
  188  9:45  Roach x7  
  188  9:46  Roach x3  
  168  9:53  Roach x7  
  174  10:00  Overseer  
Show
View Real Time Build Order
Export as new Build Order

Ryu Zerg 

Build Orders: Hatch First 

Get SALT Encoding   

  12  0:01  Drone  
  13  0:12  Overlord  
  13  0:17  Drone  
  14  0:31  Drone x2  
  16  0:48  Hatchery  
  15  0:51  Drone  
  15  0:55  Drone  
  17  0:59  Drone  
  17  1:02  Extractor  
  17  1:14  Spawning Pool  
  17  1:18  Drone  
  17  1:22  Drone  
  18  1:28  Drone  
  19  1:40  Drone  
  20  1:54  Overlord  
  20  2:02  Queen x2  
  20  2:03  Zergling x2  
  20  2:05  Metabolic Boost  
  25  2:09  Drone  
  25  2:12  Drone  
  25  2:15  Zergling x2  
  28  2:21  Drone  
  29  2:25  Zergling x2  
  30  2:38  Hatchery  
  29  2:44  Overlord  
  29  2:51  Queen  
  31  2:57  Baneling Nest  
  30  3:03  Drone x2  
  30  3:05  Zergling x2  
  33  3:08  Drone  
  34  3:13  Drone x2  
  34  3:18  Overlord  
  36  3:22  Zergling x2  
  37  3:29  Drone  
  37  3:30  Drone x2  
  39  3:37  Drone x2, Evolution Chamber  
  39  3:40  Baneling  
  40  3:42  Drone  
  40  3:46  Drone x2  
  43  3:49  Drone  
  43  3:50  Drone  
  43  3:54  Extractor  
  44  3:57  Drone x2  
  44  4:01  Drone  
  44  4:02  Drone x2  
  49  4:08  Drone  
  50  4:10  Lair  
  50  4:14  Drone  
  50  4:15  Drone x2  
  53  4:18  Drone, Extractor  
  52  4:26  Roach Warren, Zerg Missile Weapons Level 1  
  52  4:30  Drone x2  
  52  4:31  Drone  
  54  4:34  Overlord  
  54  4:40  Drone x3  
  57  4:45  Drone x2, Extractor  
  57  4:47  Overlord  
  57  4:48  Overlord  
  58  4:55  Drone x2  
  58  4:56  Drone  
  61  5:03  Drone x3  
  61  5:05  Drone x2  
  66  5:07  Drone x4  
  66  5:08  Drone  
  66  5:11  Overseer  
  66  5:12  Glial Reconstitution  
  70  5:14  Pneumatized Carapace  
  70  5:19  Extractor  
  70  5:20  Extractor  
  68  5:22  Drone  
  68  5:24  Evolution Chamber, Roach x2  
  72  5:35  Roach, Hatchery  
  73  5:37  Drone x3  
  73  5:42  Roach x2  
  80  5:45  Drone  
  80  5:48  Overlord x2  
  81  5:54  Overlord  
  81  5:56  Zerg Ground Armor Level 1  
  81  5:57  Overlord  
  81  6:01  Overlord  
  81  6:04  Overlord  
  81  6:07  Drone x4  
  81  6:09  Roach  
  87  6:12  Roach x2  
  87  6:17  Roach x3  
  97  6:22  Zerg Missile Weapons Level 2  
  97  6:24  Roach x2  
  101  6:28  Roach  
  101  6:31  Roach  
  101  6:32  Roach x2  
  109  6:34  Ravager  
  109  6:35  Ravager x3  
  109  6:37  Roach  
  115  6:40  Roach x2  
  115  6:46  Roach x4  
  127  6:53  Roach x4  
  135  6:58  Overlord  
  135  7:01  Overlord x2  
  135  7:11  Overlord x2  
  135  7:14  Overlord  
  135  7:18  Hydralisk Den  
  135  7:20  Roach  
  135  7:21  Roach x2  
  139  7:26  Roach x3  
  139  7:28  Hatchery  
  141  7:31  Drone x3  
  141  7:34  Roach x2  
  141  7:36  Roach  
  150  7:42  Roach x3  
  148  7:47  Roach x3  
  140  7:52  Roach x3  
  140  7:56  Roach x2  
  135  8:02  Roach x3  
  137  8:10  Roach x4  
  145  8:16  Lurker Den  
  145  8:17  Roach x2  
  148  8:22  Roach x4  
  156  8:33  Tunneling Claws, Burrow, Infestation Pit  
  155  8:35  Baneling  
  155  8:36  Baneling  
  155  8:38  Roach x3  
  161  8:43  Overlord  
  157  8:48  Roach x4  
  157  8:55  Roach x3  
  165  9:00  Drone x4  
  164  9:04  Spore Crawler  
  164  9:06  Spore Crawler  
  156  9:10  Hydralisk x3  
  162  9:21  Roach x5  
  170  9:29  Roach x5  
  178  9:36  Roach x4  
  173  9:38  Roach x8  
  173  9:41  Hydralisk  
  173  9:43  Roach x4  
  156  9:46  Roach x10  
  156  9:47  Roach x2  
  156  9:51  Lurker x2, Roach  
  139  9:56  Roach x3  

Tags
 
Add a new tag
Caveats
  • Supply blocks, unpowered buildings, or Contaminate may cause inaccurate times.
  • Supply counts are checked every 10 seconds.